 Dungeon Sprint DCSS version 0.29-a0-925-g0a7a3d12f8 (webtiles) character file.

Game seed: 1715583214545479099

546 Hipnos the Covert (level 7, -6/33 HPs)
             Began as a Spriggan Enchanter on July 28, 2022.
             Mangled by a boulder beetle (27 damage)
             ... in the Dungeon (Sprint II: "The Violet Keep of Menkaure").
             The game lasted 00:02:05 (461 turns).

Hipnos the Covert (Spriggan Enchanter)               Turns: 461, Time: 00:02:05

Health: -6/33      AC:  2    Str:  6    XL:     7   Next: 6%
Magic:  14/19      EV: 20    Int: 17    God:
Gold:   486        SH:  0    Dex: 15    Spells: 10/21 levels left

rFire   . . .      SeeInvis +   a - +1 dagger
rCold   . . .      Faith    .   (no shield)
rNeg    . . .      Spirit   .   b - +0 robe
rPois   .          Reflect  .   (helmet restricted)
rElec   .          Harm     .   (no cloak)
rCorr   .          Rampage  .   (gloves unavailable)
Will    +....      NoTele   +   (boots unavailable)
Stlth   +++++.....              (no amulet)
HPRegen 0.11/turn               (no ring)
MPRegen 0.16/turn               (no ring)

@: very quick
A: very small, no large weapons, unfitting armour, see invisible, speed 3
a: no special abilities


You were in the Dungeon.
You visited 1 branch You collected 486 gold pieces.

Inventory:

Hand Weapons
 a - a +1 dagger (weapon)
Armour
 b - a +0 robe (worn)
Scrolls
 i - a scroll of blinking
Potions
 c - 2 potions of invisibility
 d - a potion of curing
 e - a potion of heal wounds
 f - a potion of haste
 g - 2 potions of magic


   Skills:
 + Level 1.0 Fighting
 + Level 5.0 Short Blades
 + Level 6.9 Dodging
 + Level 13.2 Stealth
 + Level 7.7 Spellcasting
 + Level 11.0 Hexes
 + Level 1.3 Ice Magic


You had 10 spell levels left.
You knew the following spells:

 Your Spells              Type           Power      Damage    Failure   Level
a - Confusing Touch       Hex            44%        N/A       1%          3
b - Ensorcelled Hibernat  Hex/Ice        54%        N/A       1%          2
c - Tukima's Dance        Hex            44%        N/A       1%          3
d - Dazzling Flash        Conj/Hex       50%        N/A       3%          3

Your spell library contained the following spells:

 Spells                   Type           Power      Damage    Failure   Level


Dungeon Overview and Level Annotations

Branches:
Dungeon (1/1)

Altars:
Zin


Innate Abilities, Weirdness & Mutations

You are very small and have problems with some larger weapons.
You are too small for most types of armour.
You have supernaturally acute eyesight. (SInv)
You cover ground extremely quickly. (Speed+++)


Message History

There is an open door here.
The water moccasin hisses angrily.
Found a glowing silver altar of Zin.
The water moccasin is engulfed in a cloud of scalding steam.
The water moccasin bites you but does no damage.
You barely miss the water moccasin.
The water moccasin is almost dead.
The water moccasin is engulfed in a cloud of scalding steam.
The water moccasin dies!
There is an open door here.
You now have 486 gold pieces (gained 243).
There is an open door, spattered with blood here.
You see here a wyvern corpse.
There is a staircase leading out of the dungeon here.
Casting: Ensorcelled Hibernation (safe; 1% risk of failure)
Confirm with . or Enter, or press ? or * to list all spells.
Your hands begin to glow red.
You open the door.
There is an open door here.
The helpless boulder beetle fails to defend itself.
You hit the boulder beetle but do no damage.
The boulder beetle appears confused.
You strike the helpless boulder beetle from behind!
You impale the boulder beetle!!
The boulder beetle is moderately wounded.
The boulder beetle bites you but does no damage.
You hit the boulder beetle but do no damage.
The boulder beetle is moderately wounded.
The boulder beetle closely misses you.
You hit the boulder beetle.
The boulder beetle is moderately wounded.
The boulder beetle completely misses you.
You barely miss the boulder beetle.
The boulder beetle is moderately wounded.
The boulder beetle bites you!
You hit the boulder beetle but do no damage.
The boulder beetle is moderately wounded.
The boulder beetle bites you. The boulder beetle bites you!!
Ouch! That really hurt!
You die...

## ## ##. .## ####
#..#..# ...#
####...####..##
##.###÷###.##..#
#B@B##.##.#.#..#
+###'.<.†###'..###
#..$##.##.#.#....#
##.#
#'###.##...... ##
#†#†####≈§.....
#.# ..#≈≈≈≈§≈≈..
## .##≈≈≈≈≈§§§.
##≈≈≈§≈≈≈≈§≈
≈≈≈≈≈§≈≈≈≈≈≈


You could see 2 boulder beetles.

Vanquished Creatures
  2 wyverns (D)
  4 necrophages (D)
  3 worms (D)
9 creatures vanquished.

Vanquished Creatures (others)
  Menkaure (D)
  A water moccasin (D)
2 creatures vanquished.

Grand Total: 11 creatures vanquished

Notes
Turn   | Place    | Note
-------+----------+-------------------------------------------
     0 | D        | Hipnos the Spriggan Enchanter began the quest for the Orb.
     0 | D        | Reached XP level 1. HP: 9/9 MP: 5/5
     5 | D        | Noticed a wyvern
     5 | D        | Noticed a wyvern
     8 | D        | Noticed a necrophage
     8 | D        | Noticed a necrophage
     8 | D        | Noticed a necrophage
     8 | D        | Noticed a necrophage
    14 | D        | Killed a necrophage
    15 | D        | Reached skill level 7 in Stealth
    15 | D        | Reached XP level 2. HP: 13/13 MP: 6/8
    15 | D        | Reached XP level 3. HP: 16/16 MP: 6/9
    22 | D        | Killed a necrophage
    23 | D        | Reached skill level 9 in Stealth
    23 | D        | Reached skill level 5 in Spellcasting
    23 | D        | Reached XP level 4. HP: 21/21 MP: 7/12
    28 | D        | Killed a necrophage
    29 | D        | Reached skill level 5 in Dodging
    29 | D        | Reached skill level 10 in Stealth
    29 | D        | Reached XP level 5. HP: 24/24 MP: 9/14
    40 | D        | Reached skill level 11 in Stealth
   107 | D        | Killed Menkaure
   219 | D        | Learned a level 3 spell: Confusing Touch
   222 | D        | Learned a level 2 spell: Ensorcelled Hibernation
   226 | D        | Learned a level 3 spell: Tukima's Dance
   230 | D        | Learned a level 3 spell: Dazzling Flash
   422 | D        | Noticed a boulder beetle
   422 | D        | Noticed a boulder beetle
   429 | D        | Killed a wyvern
   430 | D        | Reached skill level 12 in Stealth
   430 | D        | Reached skill level 10 in Hexes
   430 | D        | Reached skill level 1 in Ice Magic
   430 | D        | Reached XP level 6. HP: 29/29 MP: 17/17
   431 | D        | Killed a wyvern
   432 | D        | Reached skill level 1 in Fighting
   432 | D        | Reached skill level 5 in Short Blades
   432 | D        | Reached skill level 13 in Stealth
   432 | D        | Reached XP level 7. HP: 33/33 MP: 16/19
   439 | D        | Found a glowing silver altar of Zin.
   461 | D        | Mangled by a boulder beetle

Illustrated notes

Levels and vault maps discovered:
D:        the_violet_keep_of_menkaure [sprint2_stairs_cluster_1,
          sprint2_shoproom, sprint2_temple, sprint2_basic_supplies,
          sprint2_obstacle_4, sprint2_obstacle_2, sprint2_obstacle_3,
          sprint2_obstacle_5, sprint2_obstacle_6, sprint2_timed_cluster_1,
          sprint2_smallroom_cluster_1, sprint2_smallroom_final_cluster_1,
          sprint2_transparent_cluster_1, sprint2_second_timed_cluster_1,
          sprint2_sniper_area_1, sprint2_heavy_combat_area_1,
          sprint2_mutation_trap_area_1, sprint2_forest_area_1,
          sprint2_light_combat_area_1, sprint2_behind_water_1,
          sprint2_near_end_vault_1]

Skill      XL: |  1  2  3  4  5  6 |
---------------+-------------------+-----
Dodging        | 3 4 5 6 |  6.9
Stealth        | 7 9 10 12 13 | 13.2
Spellcasting   | 4 5 7 |  7.7
Hexes          | 6 8 9 10 11 | 11.0
Short Blades   | 2 4 5 |  5.0
Ice Magic      | 1 |  1.3
Fighting       | 1 |  1.0

Action                   |  1- 3 |  4- 6 |  7- 9 || total
-------------------------+-------+-------+-------++-------
Melee: Dagger            |    12 |    24 |     7 ||    43
 Cast: Ensorcelled Hiber |       |     4 |     1 ||     5
       Confusing Touch   |       |       |     1 ||     1
  Use: Potion            |     1 |       |       ||     1
 Stab: Sleeping          |       |     4 |     1 ||     5
       Distracted        |       |     1 |       ||     1
       Confused          |       |       |     1 ||     1
Armor: Robe              |     2 |       |     2 ||     4
Dodge: Dodged            |     4 |    11 |     2 ||    17

Table legend: (Time is in decaauts)
 A = Elapsed time spent in this place.
 B = Non-inter-level travel time spent in this place.
 C = Inter-level travel time spent in this place.
 D = Time resting spent in this place.
 E = Time spent auto-exploring this place.
 F = Levels seen in this place.
 G = Mean time per level.
                   A        B        C        D        E       F      G
               +--------+--------+--------+--------+--------+-----+--------+
         Total |    447 |    447 |      0 |    354 |      0 |   1 |  447.0 |
       Dungeon |    447 |    447 |      0 |    354 |      0 |   1 |  447.0 |
               +--------+--------+--------+--------+--------+-----+--------+

Top non-repeatable levels by time:
       D: 447 daAuts
